 Dungeon Crawl Stone Soup version 0.31-a0-179-g1846a1fd2d (webtiles) character file.

Game seed: 7183318913338280479

50 qw the Shooter (level 3, -3/32 HPs)
             Began as a Naga Hunter on June 18, 2023.
             Killed from afar by Sigmund (9 damage)
             ... with a magic dart
             ... on level 2 of the Dungeon.
             The game lasted 00:00:18 (857 turns).

qw the Shooter (Naga Hunter)                         Turns: 857, Time: 00:00:18

Health: -3/32      AC:  2    Str: 13    XL:     3   Next: 79%
Magic:  3/3        EV:  9    Int:  9    God:
Gold:   51         SH:  0    Dex: 16    Spells: 2/2 levels left

rFire   . . .        Y - +0 shortbow
rCold   . . .        (shield currently unavailable)
rNeg    . . .        c - +0 leather armour
rPois   +            (no helmet)
rElec   .            (no cloak)
rCorr   .            (no gloves)
SInv    +            (no barding)
Will    .....        (no amulet)
Stlth   +            (no ring)
HPRegen 0.25/turn    (no ring)
MPRegen 0.08/turn

%: no passive effects
@: confused, very slow
A: AC +1, large, see invisible, deformed body, poison resistance, slowness 2,
spit poison 1, naga tail 1
a: Spit Poison


You were on level 2 of the Dungeon.
You visited 1 branch of the dungeon, and saw 2 of its levels.

You collected 51 gold pieces.


Innate Abilities, Weirdness & Mutations

Your serpentine skin is tough. (AC +1)
You have supernaturally acute eyesight. (SInv)
Armour fits poorly on your strangely shaped body.
Your system is resistant to poisons. (rPois)
You cover ground very slowly.
You can spit poison.
You have a snake-like lower body.


   Skills:
 - Level 2.0 Fighting
 + Level 4.9 Ranged Weapons
 - Level 1.5 Dodging
 - Level 1.5 Stealth


You had 2 spell levels left.
You didn't know any spells.
Your spell library was empty.

Inventory:

Hand Weapons
 Y - a +0 shortbow (weapon)
Armour
 b - a +1 robe of cold resistance
 c - a +0 leather armour (worn)
Jewellery
 a - a +6 ring of dexterity
Scrolls
 e - a scroll of vulnerability {unknown}
Potions
 d - a potion of curing {unknown}
 f - a potion of haste {unknown}

Dungeon Overview and Level Annotations

Branches:
Dungeon (2/15)

Altars:
Nemelex Xobeh

Shops:
D:1 (

Annotations:
D:2 Sigmund


Message History

You are confused.
Sigmund hits you but does no damage. Sigmund misses you.
You have got your breath back.
You feel less confused. Sigmund closely misses you.
848 ||| INVOKING Spit Poison.
Aiming: Spit Poison (2% risk of failure)
Press: ? - help, Shift-Dir - straight line, f/p - Sigmund The splash of poison misses Sigmund.
Sigmund casts a spell.
Sigmund flickers and vanishes for a moment.
You shoot an arrow. The arrow hits Sigmund.
Sigmund is moderately wounded.
Sigmund closely misses you.
You shoot an arrow. The arrow hits Sigmund.
Sigmund is heavily wounded.
You shoot an arrow. The arrow closely misses Sigmund.
Sigmund hits you from afar with a +0 scythe.
You shoot an arrow. The arrow closely misses Sigmund.
Sigmund hits you from afar with a +0 scythe!
You shoot an arrow. The arrow hits Sigmund.
Sigmund is severely wounded.
You have got your breath back.
Sigmund closely misses you.
854 ||| INVOKING Spit Poison.
Aiming: Spit Poison (2% risk of failure)
Press: ? - help, Shift-Dir - straight line, f/p - Sigmund The splash of poison hits Sigmund!
Sigmund is almost dead.
Sigmund points at you and mumbles some strange words.
You are confused.
Sigmund hits you from afar with a +0 scythe!
Enter note:
Enter note:
Enter note: You have got your breath back.
Sigmund gestures at you while chanting. The magic dart hits you!
You die...

#.#.. #.# #.#.#
... #.#.# #.#
#.... ... ###..
#.# #.. #@# ##.
#.####### #.
#@......# #.
#.......# #.
#....##.##### #.
#..#.##.#...#####.
#..#..............
#.......#...######
#.#####.#####
#.......#
#########


You could see Sigmund (invisible).

Vanquished Creatures
  Jessica (D:2)
  2 dart slugs
  7 endoplasms
  2 goblins
  3 bats
  3 frilled lizards
  A kobold (D:1)
  A rat (D:1)
20 creatures vanquished.

Notes
Turn   | Place    | Note
-------+----------+-------------------------------------------
     0 | D:1      | qw the Naga Hunter began the quest for the Orb.
     0 | D:1      | Reached XP level 1. HP: 19/19 MP: 1/1
     0 | D:1      | 0 ||| qw: Version: 0.3-a-7-ge0c9b40
     0 | D:1      | 0 ||| qw: Game counter: 874
     0 | D:1      | 0 ||| qw: Always use a shield: true
     0 | D:1      | 0 ||| qw: God list: Okawaru
     0 | D:1      | 0 ||| qw: Allow faded altars: false
     0 | D:1      | 0 ||| qw: Do Orc after D:15 true
     0 | D:1      | 0 ||| qw: Do second Lair branch before Depths: true
     0 | D:1      | 0 ||| qw: Lair rune preference: random
     0 | D:1      | 0 ||| qw: Plans: Normal
     0 | D:1      | 0 ||| PLANNING D:1-11
    98 | D:1      | 98 ||| INVOKING Spit Poison.
   210 | D:1      | Reached skill level 4 in Ranged Weapons
   210 | D:1      | Reached XP level 2. HP: 26/26 MP: 2/2
   245 | D:1      | 245 ||| INVOKING Spit Poison.
   250 | D:1      | 250 ||| INVOKING Spit Poison.
   253 | D:1      | 253 ||| INVOKING Spit Poison.
   360 | D:1      | 360 ||| INVOKING Spit Poison.
   365 | D:1      | 365 ||| INVOKING Spit Poison.
   435 | D:1      | 435 ||| INVOKING Spit Poison.
   532 | D:1      | 532 ||| READING scroll labelled XOENOKHIXKA.
   533 | D:1      | 533 ||| READING scroll labelled IDES BOGUKKEO.
   534 | D:1      | 534 ||| READING scroll labelled YXYBIE ZICOICA.
   538 | D:1      | 538 ||| DROPPING scroll of butterflies.
   576 | D:2      | Noticed Jessica
   577 | D:2      | 577 ||| INVOKING Spit Poison.
   578 | D:2      | 578 ||| Stepping ~*~*~tactically~*~*~ (outnumbered).
   581 | D:2      | 581 ||| INVOKING Spit Poison.
   586 | D:2      | 586 ||| INVOKING Spit Poison.
   587 | D:2      | 587 ||| INVOKING Spit Poison.
   587 | D:2      | Killed Jessica
   588 | D:2      | Reached XP level 3. HP: 32/32 MP: 3/3
   723 | D:2      | 723 ||| INVOKING Spit Poison.
   753 | D:2      | 753 ||| INVOKING Spit Poison.
   779 | D:2      | Found a sparkling altar of Nemelex Xobeh.
   839 | D:2      | Noticed Sigmund
   840 | D:2      | 840 ||| INVOKING Spit Poison.
   848 | D:2      | 848 ||| INVOKING Spit Poison.
   854 | D:2      | 854 ||| INVOKING Spit Poison.
   855 | D:2      | HP: 5/32 [Sigmund/+0 scythe (12)]
   857 | D:2      | Killed from afar by Sigmund

Levels and vault maps discovered:
D:1:      dpeg_arrival_tiny_a, layout_loops_cross, serial_shops,
          nicolae_shop_stone, item_on_display_a
D:2:      layout_loops_cross, serial_forest, infiniplex_forest_straight_3,
          infiniplex_forest_clump_small, infiniplex_forest_end_1,
          infiniplex_forest_straight_4, infiniplex_forest_zigzag_1, basic_altar,
          kennysheep_generic_room_7, uniq_jessica, uniq_sigmund

Skill      XL: |  1 |
---------------+----+-----
Ranged Weapons | 4 |  4.9
Fighting       | |  2.0
Dodging        | |  1.5
Stealth        | |  1.5

Action                     || total
---------------------------++-------
   Fire: Shortbow          ||    39
Ability: Spit Poison       ||    15
    Use: Scroll            ||     3
 Armour: Leather armour    ||     3
  Dodge: Dodged            ||     9

Table legend:
 A = Non-vault XP
 B = Vault XP
 C = Vault XP percentage of total XP
 D = Non-vault monster count
 E = Vault monster count
 F = Vault count percentage of total count
                 A         B        C        D         E       F
            +---------+---------+-------+---------+---------+-------
      Total |      35 |      37 |  51.4 |      19 |       1 |   5.0
            +---------+---------+-------+---------+---------+-------
        D:1 |      25 |       0 |   0.0 |      14 |       0 |   0.0
        D:2 |      10 |      37 |  78.7 |       5 |       1 |  16.7
            +---------+---------+-------+---------+---------+-------
